 Dungeon Crawl Stone Soup version 0.24-a0-346-ge062c78 (webtiles) character file.

Game seed: 11944977039241745258

27 Cajwill123 the Insei (level 3, 0/17 HPs)
             Began as a Vine Stalker Transmuter on May 21, 2019.
             Slain by a worm (4 damage)
             ... on level 2 of the Dungeon.
             The game lasted 00:14:02 (1164 turns).

Cajwill123 the Insei (Vine Stalker Transmuter)      Turns: 1164, Time: 00:14:03

Health: 0/17       AC:  3    Str: 13    XL:     3   Next: 10%
Magic:  0/7        EV: 12    Int: 13    God:
Gold:   96         SH:  0    Dex: 14    Spells: 3/6 levels left

rFire    . . .     SeeInvis .   i - +0 dagger
rCold    . . .     Gourm    .   (no shield)
rNeg     . . .     Faith    .   b - +0 robe
rPois    .         Spirit   +   (no helmet)
rElec    .         Reflect  .   (no cloak)
rCorr    .         Harm     .   o - +0 pair of gloves
MR       .....                  (no boots)
Stlth    +.........             (no amulet)
HPRegen  0.05/turn              (no ring)
MPRegen  0.10/turn              (no ring)

@: no status effects
A: fangs 2, magic shield, antimagic bite, no potion heal 3, rot immunity
a: no special abilities


You were on level 2 of the Dungeon.
You were hungry.

You visited 1 branch of the dungeon, and saw 2 of its levels.

You collected 96 gold pieces.

Inventory:

Hand Weapons
 i - a +0 dagger (weapon)
Missiles
 a - 12 arrows
Armour
 b - a +0 robe (worn)
 o - a +0 pair of gloves (worn)
Scrolls
 c - 6 scrolls of identify
 h - 3 scrolls of amnesia {unknown}
 j - a scroll of remove curse {unknown}
 l - 2 scrolls of fog {unknown}
 m - 2 scrolls of teleportation {unknown}
 n - a scroll of random uselessness {unknown}
Potions
 e - a potion of haste
 f - a potion of might {unknown}
 g - a potion of heal wounds {unknown}
 k - a potion of curing {unknown}
Comestibles
 d - 4 rations


   Skills:
 + Level 0.8 Fighting
 + Level 1.9 Dodging
 + Level 3.6 Unarmed Combat
 + Level 2.4 Spellcasting
 + Level 2.1 Transmutations


You had 3 spell levels left.
You knew the following spells:

 Your Spells              Type           Power        Failure   Level  Hunger
a - Beastly Appendage     Tmut           #.....       10%         1    #......
b - Sticks to Snakes      Tmut           #.......     16%         2    ###....

Your spell library contained the following spells:

 Spells                   Type           Power        Failure   Level  Hunger
 Spider Form              Tmut/Pois      #.........   43%         3    ###....
 Ice Form                 Ice/Tmut       #.......     83%         4    #####..
 Blade Hands              Tmut           #.........   95%         5    ######.


Dungeon Overview and Level Annotations

Branches:
Dungeon (2/15)

Altars:


Innate Abilities, Weirdness & Mutations

You have extremely sharp teeth.
When hurt, damage is shared between your health and your magic reserves.
Your bite disrupts and absorbs the magic of your enemies.
Potions cannot restore your health.
You are immune to rotting.


Message History

c - 6 scrolls of identify (gained 3)
The worm bites you.
Found 20 stones.
You see here a +0 club.
You hit the worm.
The worm is lightly wounded.
The worm bites you!
You barely miss the worm. You bite the worm. You drain its power.
You feel invigorated.
The worm is moderately wounded.
You hit the worm.
The worm is moderately wounded.
The worm bites you!
* * * LOW HITPOINT WARNING * * *
You hit the worm but do no damage. Your bite misses the worm.
The worm is moderately wounded.
You hit the worm but do no damage.
The worm is moderately wounded.
The worm bites you!
You die...

######### ........###.
..........#.
........#.#. #### #####
....##....... ..###.....
...<........###.........
........................
....†...........@w......
..†.)........######.....
.............# (..
..........>..# .
.............#
............##
....##.....##
############


You could see a worm.

Vanquished Creatures
  An ooze (D:1)
  A leopard gecko (D:1)
  3 giant cockroaches (D:1)
  4 hobgoblins
  3 kobolds
  A ball python (D:2)
  A bat (D:1)
  A frilled lizard (D:1)
  2 goblins (D:1)
  4 rats
21 creatures vanquished.

Notes
Turn   | Place    | Note
-------+----------+-------------------------------------------
     0 | D:1      | Cajwill123 the Vine Stalker Transmuter began the quest for
                  | the Orb.
     0 | D:1      | Reached XP level 1. HP: 9/9 MP: 4/4
    79 | D:1      | Reached XP level 2. HP: 3/14 MP: 4/6
   533 | D:1      | Learned a level 2 spell: Sticks to Snakes
  1101 | D:2      | Reached XP level 3. HP: 15/17 MP: 7/7
  1164 | D:2      | Slain by a worm

Levels and vault maps discovered:
D:1:      minmay_arrival_diagonal_passages, layout_rooms
D:2:      layout_rooms, dancing_weapons_uskayaw

Action                   || total
-------------------------++-------
Melee: Unarmed           ||    15
       Bite              ||    21
       Dagger            ||    58
       Kick              ||     4
 Cast: Beastly Appendage ||     4
  Use: Scroll            ||     1
 Stab: Sleeping          ||     1
Armor: Robe              ||    10
Dodge: Dodged            ||    56

Table legend:
 A = Non-vault XP
 B = Vault XP
 C = Vault XP percentage of total XP
 D = Non-vault monster count
 E = Vault monster count
 F = Vault count percentage of total count
                 A         B        C        D         E       F
            +---------+---------+-------+---------+---------+-------
      Total |      39 |       0 |   0.0 |      21 |       0 |   0.0
            +---------+---------+-------+---------+---------+-------
        D:1 |      31 |       0 |   0.0 |      16 |       0 |   0.0
        D:2 |       8 |       0 |   0.0 |       5 |       0 |   0.0
            +---------+---------+-------+---------+---------+-------
